Map: Cyber Forest LE

Players

Sketchaphone

  • Race: Zerg Zerg
  • League: Platinum
  • Spawn Location: 11:00

killerx - Winner!

  • Race: Zerg Zerg
  • Spawn Location: 5:00

VOD

Have the link to the VOD?

Description

Time

  • Played on: March 4, 2019, 9:19 p.m.
  • Length: 16:01
Show
View Real Time Build Order
Export as new Build Order

Sketchaphone Zerg 

Build Orders: Hatch First 

Get SALT Encoding   

  12  0:01  Drone  
  13  0:12  Overlord  
  13  0:16  Drone  
  14  0:25  Drone, Extractor  
  15  0:50  Hatchery  
  15  0:52  Drone  
  15  0:55  Drone  
  16  1:01  Extractor  
  16  1:03  Drone  
  16  1:05  Drone  
  17  1:24  Spawning Pool  
  16  1:27  Drone  
  16  1:31  Drone  
  18  1:39  Overlord  
  18  1:46  Drone  
  19  1:57  Drone  
  20  2:07  Drone  
  21  2:10  Metabolic Boost  
  21  2:11  Queen  
  21  2:13  Zergling x2  
  24  2:24  Zergling x2  
  24  2:25  Drone  
  24  2:26  Drone  
  26  2:37  Spine Crawler  
  26  2:39  Drone x2  
  26  2:44  Zergling x2  
  27  2:53  Zergling x4  
  29  2:59  Roach Warren, Drone  
  28  3:07  Zergling x2  
  28  3:10  Drone  
  30  3:15  Drone  
  31  3:22  Drone x4  
  35  3:30  Overlord  
  35  3:36  Overlord  
  35  3:46  Overlord  
  35  3:48  Queen, Lair  
  35  3:50  Drone x2  
  35  3:52  Drone  
  39  4:07  Drone x4  
  41  4:12  Drone  
  42  4:32  Zergling x8  
  42  4:36  Drone  
  42  4:37  Drone  
  48  4:44  Evolution Chamber x2, Drone x3  
  49  4:55  Hatchery  
  49  4:56  Drone  
  49  4:57  Drone  
  50  5:01  Overlord, Extractor  
  47  5:09  Pneumatized Carapace  
  47  5:10  Zerg Ground Armor Level 1  
  47  5:12  Zerg Missile Weapons Level 1, Drone x2  
  47  5:13  Drone  
  50  5:19  Drone x4, Extractor  
  50  5:20  Overlord, Extractor  
  52  5:23  Queen  
  54  5:34  Overlord  
  53  5:49  Roach x7  
  67  5:50  Roach  
  67  5:55  Glial Reconstitution  
  67  5:56  Overlord  
  69  5:58  Overlord  
  69  6:09  Queen  
  69  6:10  Drone x2  
  69  6:11  Drone  
  74  6:17  Queen  
  74  6:18  Queen  
  78  6:23  Overlord  
  78  6:27  Spine Crawler  
  76  6:38  Drone x6  
  76  6:39  Drone  
  83  6:44  Zergling x6  
  83  6:45  Queen, Infestation Pit  
  87  6:51  Overlord  
  87  6:57  Ravager  
  87  6:58  Ravager x6  
  87  7:01  Roach x3  
  100  7:04  Overseer  
  100  7:09  Drone x3  
  100  7:11  Overlord, Extractor  
  100  7:13  Extractor  
  100  7:30  Roach x8  
  116  7:41  Roach x2  
  116  7:42  Roach  
  112  8:00  Zergling x4  
  112  8:01  Zergling x4  
  105  8:08  Zergling x4  
  105  8:10  Zerg Missile Weapons Level 2, Pathogen Glands  
  96  8:25  Zergling x18  
  104  8:51  Hatchery  
  100  8:59  Zergling x20  
  110  9:04  Zerg Ground Armor Level 2  
  110  9:07  Hive  
  110  9:08  Infestor x3  
  116  9:10  Evolution Chamber  
  115  9:20  Roach  
  114  9:41  Zerg Melee Weapons Level 1  
  114  9:42  Tunneling Claws  
  114  9:43  Burrow  
  102  9:54  Zergling x22  
  110  10:05  Ravager x2  
  110  10:06  Ravager x4  
  116  10:09  Drone x2  
  116  10:10  Drone  
  105  10:56  Zergling x8  
  109  11:03  Infestor x2  
  111  11:10  Zergling x6  
  112  11:11  Overlord x2  
  112  11:12  Overlord  
  112  11:15  Adrenal Glands  
  112  11:16  Zerg Missile Weapons Level 3  
  112  11:20  Zerg Ground Armor Level 3  
  112  11:33  Zergling x24  
  112  11:37  Roach  
  104  12:10  Zergling x18  
  109  12:19  Zerg Melee Weapons Level 2  
  109  12:22  Hydralisk Den, Drone x3  
  111  12:24  Drone  
  105  12:37  Hatchery  
  105  12:38  Infestor x3  
  105  12:40  Hydralisk Den  
  109  12:46  Queen  
  109  12:47  Hatchery  
  110  13:02  Zergling x22  
  120  13:15  Overlord x2  
  120  13:42  Hydralisk x4  
  120  13:45  Overlord x4  
  128  13:54  Grooved Spines, Nydus Network  
  127  13:57  Drone x5  
  132  14:03  Zergling x4  
  132  14:08  Zergling x6  
  131  14:12  Zergling x4  
  117  14:27  Zergling x14  
  90  14:45  Roach  
  90  14:46  Roach x2  
  90  14:49  Zergling x2  
  85  14:56  Nydus Canal  
Show
View Real Time Build Order
Export as new Build Order

killerx Zerg - Winner!

Build Orders: Hatch First 

Get SALT Encoding   

  12  0:01  Drone  
  13  0:08  Drone  
  14  0:16  Overlord  
  14  0:35  Drone  
  15  0:47  Hatchery  
  14  1:00  Spawning Pool  
  14  1:04  Extractor  
  12  1:05  Drone  
  12  1:09  Drone  
  14  1:14  Drone  
  15  1:18  Drone  
  16  1:30  Drone  
  17  1:38  Drone  
  18  1:47  Queen  
  18  1:49  Zergling x2  
  21  1:58  Queen  
  21  2:01  Zergling x2  
  24  2:02  Zergling x2  
  24  2:07  Metabolic Boost  
  25  2:13  Drone  
  26  2:18  Overlord  
  26  2:34  Drone x2  
  26  2:36  Overlord  
  28  2:38  Drone  
  29  2:45  Drone x2  
  31  3:08  Drone x3  
  31  3:09  Drone  
  35  3:14  Overlord x2  
  35  3:23  Queen  
  35  3:24  Extractor  
  35  3:25  Roach Warren  
  35  3:28  Lair  
  35  3:33  Overlord  
  35  3:37  Zergling x2  
  36  3:44  Drone x3  
  36  3:46  Drone  
  40  3:49  Overlord  
  40  3:54  Drone x2  
  42  4:13  Drone x2  
  42  4:16  Drone  
  45  4:17  Drone  
  45  4:19  Overlord  
  45  4:20  Overlord  
  46  4:41  Glial Reconstitution  
  46  4:46  Drone  
  46  4:47  Drone  
  46  4:48  Hatchery  
  46  4:50  Overlord x2, Extractor  
  46  4:51  Extractor  
  46  4:52  Roach x2, Evolution Chamber  
  48  4:53  Evolution Chamber  
  45  5:08  Roach x3  
  45  5:09  Roach x2  
  45  5:14  Drone x3  
  57  5:15  Drone  
  57  5:20  Zerg Missile Weapons Level 1  
  59  5:25  Drone x2  
  59  5:26  Drone  
  62  5:44  Roach x4  
  62  5:46  Zerg Ground Armor Level 1  
  70  5:50  Overlord x2  
  70  5:54  Drone x2  
  70  5:55  Drone  
  73  6:01  Drone  
  74  6:12  Roach x3  
  74  6:13  Roach x3  
  86  6:21  Queen  
  88  6:36  Hatchery, Drone x2  
  88  6:38  Queen  
  91  6:45  Roach x2  
  91  6:46  Roach  
  97  6:56  Roach  
  97  6:57  Roach x4, Queen  
  109  7:03  Drone x4  
  113  7:21  Hydralisk Den  
  112  7:27  Ravager x2  
  112  7:28  Ravager x5  
  102  8:11  Drone x3  
  102  8:12  Drone x3  
  108  8:24  Roach  
  108  8:26  Overlord x3  
  110  8:27  Overlord x2  
  110  8:47  Zerg Missile Weapons Level 2  
  110  8:48  Zerg Ground Armor Level 2  
  110  8:50  Muscular Augments  
  110  8:54  Drone x3  
  113  8:56  Overseer  
  113  9:00  Extractor  
  112  9:07  Drone x3, Extractor  
  112  9:08  Drone x3  
  117  9:16  Drone x4  
  121  9:19  Roach x4  
  121  9:20  Roach x6  
  121  9:21  Roach  
  141  9:35  Zergling x6  
  141  9:36  Zergling x16  
  141  9:37  Zergling x4  
  138  9:53  Queen  
  138  9:58  Drone  
  141  10:00  Overlord x2  
  141  10:01  Overlord x3, Grooved Spines  
  139  10:28  Queen  
  141  10:38  Hatchery  
  121  11:04  Zerg Melee Weapons Level 1  
  119  11:12  Roach x3  
  119  11:13  Roach x8  
  119  11:14  Roach x3  
  147  11:40  Hatchery  
  129  12:10  Roach  
  129  12:11  Roach x6  
  129  12:12  Roach x7  
  157  12:26  Hydralisk x5  
  157  12:27  Hydralisk x6  
  157  12:28  Hydralisk x3  
  185  12:38  Overlord x2  
  185  12:39  Overlord  
  185  12:46  Infestation Pit  
  184  12:55  Ravager x4  
  184  12:56  Ravager x3  
  191  13:12  Hydralisk x4  
  199  13:22  Hive  
  130  14:54  Drone x4  
  130  14:55  Drone  
Tags
 
League
Platinum
Matchup
ZvZ
Race
Zerg
Replay Pack
init
Spawn Locations
Cross Positions
Add a new tag
Caveats
  • Supply blocks, unpowered buildings, or Contaminate may cause inaccurate times.
  • Supply counts are checked every 10 seconds.